AAA E
CHARLOTTE KNIGHTS @ NORFOLK TIDES
06/04/2030
 
TOP OF THE 1ST
Charlotte Knights batting - Pitching for Norfolk Tides : RHP Kevin Santillan
Pitching: RHP Kevin Santillan
Batting: LHB Ben Swigart 0-0: Ball
1-0: Ball
2-0: SINGLE (Groundball, 56S, EV 65.6 MPH) (infield hit)
Batting: RHB Billy Sylvester 0-0: Ball
1-0: Foul Ball, location: 9LDF
1-1: Called Strike
1-2: SINGLE (Groundball, 56S, EV 72.5 MPH) (infield hit)
Ben Swigart to second
Batting: LHB Luis Vazquez 0-0: Called Strike
0-1: Fielders Choice at 2nd, 3-6 (Groundball, 34, EV 86.9 MPH)
Ben Swigart to third
Batting: RHB Jared Crevier 0-0: Ball
1-0: Called Strike
1-1: Foul Ball, location: 9LMF
1-2: Strikes out swinging
Batting: RHB Jeff Winslett 0-0: Fly out, F8 (Flyball, 78M, EV 91.3 MPH)
Top of the 1st over - 0 runs, 2 hits, 0 errors, 2 left on base; Charlotte 0 - Norfolk 0
BOTTOM OF THE 1ST
Norfolk Tides batting - Pitching for Charlotte Knights : RHP Jagun Albright
Pitching: RHP Jagun Albright
Batting: RHB Chad Bisel 0-0: Called Strike
0-1: Swinging Strike
0-2: Fly out, F7 (Flyball, 7LSF, EV 85.0 MPH)
Batting: LHB Jeremy Houser 0-0: Ball
1-0: Ball
2-0: Called Strike
2-1: Ball
3-1: Fly out, F4 (Popup, 4, EV 67.5 MPH)
Batting: RHB Jonathan Satterley 0-0: Swinging Strike
0-1: Ball
1-1: Ball
2-1: Ball
3-1: Swinging Strike
3-2: Foul Ball, location: 2F
3-2: Foul Ball, location: 23F
3-2: Base on Balls
Batting: LHB Kevin Sellers 0-0: Called Strike
0-1: Ball
1-1: Swinging Strike
1-2: Fly out, F9 (Flyball, 9D, EV 108.8 MPH)
Bottom of the 1st over - 0 runs, 0 hits, 0 errors, 1 left on base; Charlotte 0 - Norfolk 0
TOP OF THE 2ND
Charlotte Knights batting - Pitching for Norfolk Tides : RHP Kevin Santillan
Batting: SHB Dave Quinn 0-0: Foul Ball, location: 7LDF
0-1: Swinging Strike
0-2: Ball
1-2: Foul Ball, location: 7LDF
1-2: Ball
2-2: Strikes out swinging
Batting: SHB Chris McElroy 0-0: Swinging Strike
0-1: Ball
1-1: Ball
2-1: Foul Ball, location: 5SF
2-2: Foul Ball, location: 2F
2-2: Strikes out swinging
Batting: RHB Frank Ortiz 0-0: Ground out U3 (Groundball, 34S, EV 91.3 MPH)
Top of the 2nd over - 0 runs, 0 hits, 0 errors, 0 left on base; Charlotte 0 - Norfolk 0
BOTTOM OF THE 2ND
Norfolk Tides batting - Pitching for Charlotte Knights : RHP Jagun Albright
Batting: RHB Rikelvin De Castro 0-0: Swinging Strike
0-1: Ball
1-1: Foul Ball, location: 23F
1-2: Foul Ball, location: 7LDF
1-2: Ball
2-2: Fly out, F9 (Flyball, 9, EV 86.9 MPH)
Batting: RHB Marco Flores 0-0: Foul Ball, location: 9LMF
0-1: Ball
1-1: Called Strike
1-2: Strikes out looking
Batting: RHB Josh St. Louis 0-0: Fly out, F9 (Flyball, 9, EV 98.1 MPH)
Bottom of the 2nd over - 0 runs, 0 hits, 0 errors, 0 left on base; Charlotte 0 - Norfolk 0
TOP OF THE 3RD
Charlotte Knights batting - Pitching for Norfolk Tides : RHP Kevin Santillan
Batting: LHB Sam Caldwell 0-0: Fly out, F9 (Flyball, 89M, EV 80.0 MPH)
Batting: LHB Ben Swigart 0-0: Ball
1-0: Called Strike
1-1: Called Strike
1-2: Strikes out swinging
Batting: RHB Billy Sylvester 0-0: Called Strike
0-1: Ball
1-1: Called Strike
1-2: Ground out 6-3 (Groundball, 6, EV 105.0 MPH)
Top of the 3rd over - 0 runs, 0 hits, 0 errors, 0 left on base; Charlotte 0 - Norfolk 0
BOTTOM OF THE 3RD
Norfolk Tides batting - Pitching for Charlotte Knights : RHP Jagun Albright
Batting: SHB Randy Manderville 0-0: Swinging Strike
0-1: Called Strike
0-2: Strikes out swinging
Batting: RHB Steve Ethridge 0-0: Ball
1-0: Fly out, F8 (Flyball, 8LD, EV 105.0 MPH)
Batting: RHB Chad Bisel 0-0: Ball
1-0: Swinging Strike
1-1: Foul Ball, location: 3FF
1-2: Ground out 6-3 (Groundball, 6, EV 109.4 MPH)
Bottom of the 3rd over - 0 runs, 0 hits, 0 errors, 0 left on base; Charlotte 0 - Norfolk 0
TOP OF THE 4TH
Charlotte Knights batting - Pitching for Norfolk Tides : RHP Kevin Santillan
Batting: LHB Luis Vazquez 0-0: Swinging Strike
0-1: Ground out 4-3 (Groundball, 4M, EV 87.5 MPH)
Batting: RHB Jared Crevier 0-0: Ball
1-0: Ball
2-0: Fly out, F8 (Flyball, 8LD, EV 75.6 MPH)
Batting: RHB Jeff Winslett 0-0: Called Strike
0-1: Ground out 3-1 (Groundball, 34, EV 111.3 MPH)
Top of the 4th over - 0 runs, 0 hits, 0 errors, 0 left on base; Charlotte 0 - Norfolk 0
BOTTOM OF THE 4TH
Norfolk Tides batting - Pitching for Charlotte Knights : RHP Jagun Albright
Batting: LHB Jeremy Houser 0-0: Foul Ball, location: 7LDF
0-1: Ball
1-1: Ball
2-1: SINGLE (Groundball, 4MD, EV 98.1 MPH)
Batting: RHB Jonathan Satterley 0-0: Ball
1-0: Ground out 4-3 (Groundball, 34, EV 98.1 MPH)
Jeremy Houser to second
Batting: LHB Kevin Sellers 0-0: Ground out 6-3 (Groundball, P, EV 83.1 MPH)
Jeremy Houser to third
Batting: RHB Rikelvin De Castro 0-0: Ground out 5-3 (Groundball, 15, EV 81.9 MPH)
Bottom of the 4th over - 0 runs, 1 hit, 0 errors, 1 left on base; Charlotte 0 - Norfolk 0
TOP OF THE 5TH
Charlotte Knights batting - Pitching for Norfolk Tides : RHP Kevin Santillan
Batting: SHB Dave Quinn 0-0: Ball
1-0: Ball
2-0: Foul Ball, location: 25F
2-1: Foul Ball, location: 9LSF
2-2: Foul Ball, location: 2F
2-2: Fly out, F8 (Flyball, 8LD, EV 88.8 MPH)
Batting: SHB Chris McElroy 0-0: Ball
1-0: Called Strike
1-1: Ground out 5-3 (Groundball, 6, EV 80.0 MPH)
Batting: RHB Frank Ortiz 0-0: Ground out 3-1 (Groundball, 34S, EV 87.5 MPH)
Top of the 5th over - 0 runs, 0 hits, 0 errors, 0 left on base; Charlotte 0 - Norfolk 0
BOTTOM OF THE 5TH
Norfolk Tides batting - Pitching for Charlotte Knights : RHP Jagun Albright
Batting: RHB Marco Flores 0-0: Ball
1-0: Fly out, F2 (Popup, 13S, EV 93.1 MPH)
Batting: RHB Josh St. Louis 0-0: Ball
1-0: Foul Ball, location: 23FF
1-1: Ball
2-1: Ball
3-1: Base on Balls
Batting: SHB Randy Manderville 0-0: Called Strike
0-1: Grounds into double play, 4-6-3 (Groundball, 4, EV 82.5 MPH)
Bottom of the 5th over - 0 runs, 0 hits, 0 errors, 0 left on base; Charlotte 0 - Norfolk 0
TOP OF THE 6TH
Charlotte Knights batting - Pitching for Norfolk Tides : RHP Kevin Santillan
Batting: LHB Sam Caldwell 0-0: Ball
1-0: Called Strike
1-1: Swinging Strike
1-2: Ball
2-2: Ball
3-2: Base on Balls
Batting: LHB Ben Swigart 0-0: Ball
1-0: Ball
2-0: Called Strike
2-1: Foul Ball, location: 25F
2-2: Foul Ball, location: 2F
2-2: Strikes out swinging
Batting: RHB Billy Sylvester 0-0: Swinging Strike
0-1: Foul Ball, location: 2F
0-2: Foul Ball, location: 9LMF
0-2: Grounds into double play, 6-4-3 (Groundball, 6, EV 86.3 MPH)
Top of the 6th over - 0 runs, 0 hits, 0 errors, 0 left on base; Charlotte 0 - Norfolk 0
BOTTOM OF THE 6TH
Norfolk Tides batting - Pitching for Charlotte Knights : RHP Jagun Albright
Batting: RHB Steve Ethridge 0-0: Ball
1-0: Swinging Strike
1-1: Foul Ball, location: 2F
1-2: Strikes out swinging
Batting: RHB Chad Bisel 0-0: Called Strike
0-1: Ball
1-1: Called Strike
1-2: Foul Ball, location: 25F
1-2: Ball
2-2: Ball
3-2: Foul Ball, location: 2F
3-2: TRIPLE (Flyball, 8LXD, EV 103.1 MPH)
Batting: LHB Jeremy Houser 0-0: Foul Ball, location: 23FF
0-1: Ball
1-1: Ball
2-1: Foul Ball, location: 3SF
2-2: Strikes out looking
Batting: RHB Jonathan Satterley 0-0: Called Strike
0-1: Swinging Strike
0-2: Ball
1-2: Fly out, F8 (Flyball, 8RD, EV 111.3 MPH)
Bottom of the 6th over - 0 runs, 1 hit, 0 errors, 1 left on base; Charlotte 0 - Norfolk 0
TOP OF THE 7TH
Charlotte Knights batting - Pitching for Norfolk Tides : RHP Kevin Santillan
Batting: LHB Luis Vazquez 0-0: Called Strike
0-1: Ground out 5-3 (Groundball, 56, EV 106.3 MPH)
Batting: RHB Jared Crevier 0-0: Called Strike
0-1: Called Strike
0-2: SOLO HOME RUN (Flyball, 7LD, EV 93.8 MPH), Distance : 342 ft
Batting: RHB Jeff Winslett 0-0: Foul Ball, location: 3DF
0-1: Foul Ball, location: 3F
0-2: Ball
1-2: Ball
2-2: Ball
3-2: Strikes out looking
Batting: SHB Dave Quinn 0-0: Ball
1-0: Swinging Strike
1-1: Ball
2-1: Swinging Strike
2-2: Foul Ball, location: 2F
2-2: Ball
3-2: Base on Balls
Pitching: RHP Felix Fuentes
Batting: SHB Chris McElroy 0-0: Called Strike
0-1: Fielders Choice at 2nd, 5-4 (Groundball, 56, EV 104.4 MPH)
Top of the 7th over - 1 run, 1 hit, 0 errors, 1 left on base; Charlotte 1 - Norfolk 0
BOTTOM OF THE 7TH
Norfolk Tides batting - Pitching for Charlotte Knights : RHP Jagun Albright
Batting: LHB Kevin Sellers 0-0: Called Strike
0-1: Ball
1-1: Swinging Strike
1-2: SINGLE (Groundball, 4MD, EV 95.6 MPH)
Batting: RHB Rikelvin De Castro 0-0: Called Strike
0-1: Foul Ball, location: 9LSF
0-2: Ball
1-2: Ball
2-2: Ball
3-2: Foul Ball, location: 23F
3-2: Fielders Choice at 2nd, 1-6 (Groundball, 34S, EV 65.6 MPH)
Batting: RHB Marco Flores 0-0: Foul Ball, location: 2F
0-1: Ball
1-1: Called Strike
1-2: Ball
2-2: Foul Ball, location: 2RF
2-2: Foul Ball, location: 2F
2-2: Ball
3-2: Strikes out looking
Rikelvin De Castro is caught stealing 2nd base 2-4
Batter strikes out.
Bottom of the 7th over - 0 runs, 1 hit, 0 errors, 0 left on base; Charlotte 1 - Norfolk 0
TOP OF THE 8TH
Charlotte Knights batting - Pitching for Norfolk Tides : RHP Felix Fuentes
Batting: RHB Frank Ortiz 0-0: Ball
1-0: Foul Ball, location: 25F
1-1: Fly out, F9 (Line Drive, 89S, EV 92.5 MPH)
Pitching: LHP Josh Gauger
Batting: LHB Sam Caldwell 0-0: Called Strike
0-1: Called Strike
0-2: Fly out, F8 (Flyball, 89S, EV 90.0 MPH)
Batting: LHB Ben Swigart 0-0: Called Strike
0-1: SINGLE (Groundball, 23, EV 83.8 MPH) (infield hit)
Batting: RHB Billy Sylvester 0-0: Ball
1-0: Called Strike
1-1: Ball
2-1: Swinging Strike
2-2: Ball
3-2: Hit by Pitch
Ben Swigart to second
Batting: LHB Luis Vazquez 0-0: Ball
1-0: SINGLE (Groundball, 34S, EV 75.0 MPH) (infield hit)
Ben Swigart to third
Billy Sylvester to second
Pitching: RHP Ty Adcock
Batting: RHB Jared Crevier 0-0: Ball
1-0: Called Strike
1-1: Ball
2-1: Fly out, F9 (Flyball, 9LM, EV 97.5 MPH)
Top of the 8th over - 0 runs, 2 hits, 0 errors, 3 left on base; Charlotte 1 - Norfolk 0
BOTTOM OF THE 8TH
Norfolk Tides batting - Pitching for Charlotte Knights : RHP Jagun Albright
Now at 3B: Mat Rooney
Batting: RHB Josh St. Louis 0-0: Ball
1-0: Ball
2-0: Called Strike
2-1: Ball
3-1: Base on Balls
Batting: SHB Randy Manderville 0-0: Called Strike
0-1: Ball
1-1: Swinging Strike
1-2: Fielders Choice at 2nd, 2-4 (Groundball, 15S, EV 61.9 MPH)
Pitching: RHP Dan Redford
Pinch Hitting: SHB Oscar Carrasco 0-0: Ball
1-0: Foul Ball, location: 2F
1-1: Called Strike
1-2: Foul Ball, location: 2F
1-2: Foul Ball, location: 3F
1-2: Strikes out looking
Batting: RHB Chad Bisel 0-0: Called Strike
0-1: Ball
1-1: Foul Ball, location: 2F
1-2: Strikes out swinging
Bottom of the 8th over - 0 runs, 0 hits, 0 errors, 1 left on base; Charlotte 1 - Norfolk 0
TOP OF THE 9TH
Charlotte Knights batting - Pitching for Norfolk Tides : RHP Ty Adcock
Now at 2B: Oscar Carrasco
Batting: RHB Jeff Winslett 0-0: Ball
1-0: Ball
2-0: Ball
3-0: Base on Balls
Batting: SHB Dave Quinn 0-0: Foul Ball, location: 2F
0-1: Foul Ball, location: 7LMF
0-2: Ball
1-2: Foul Ball, location: 2F
1-2: Grounds into double play, 6-4-3 (Groundball, 6, EV 104.4 MPH)
Batting: SHB Chris McElroy 0-0: Ball
1-0: Ball
2-0: Fly out, F6 (Popup, 4MD, EV 62.5 MPH)
Top of the 9th over - 0 runs, 0 hits, 0 errors, 0 left on base; Charlotte 1 - Norfolk 0
BOTTOM OF THE 9TH
Norfolk Tides batting - Pitching for Charlotte Knights : RHP Dan Redford
Pitching: RHP Juan Tomlin
Batting: LHB Jeremy Houser 0-0: Ball
1-0: Called Strike
1-1: Ground out 6-3 (Groundball, 6, EV 86.9 MPH)
Batting: RHB Jonathan Satterley 0-0: Foul Ball, location: 5F
0-1: Ball
1-1: Swinging Strike
1-2: Foul Ball, location: 25FF
1-2: Foul Ball, location: 9LSF
1-2: Fly out, F8 (Line Drive, 8RM, EV 93.1 MPH)
Batting: LHB Kevin Sellers 0-0: Called Strike
0-1: Ball
1-1: Swinging Strike
1-2: Ground out 1-3 (Groundball, 13S, EV 67.5 MPH)
Bottom of the 9th over - 0 runs, 0 hits, 0 errors, 0 left on base; Charlotte 1 - Norfolk 0
Monday, March 18th , 2024 - OOTP Baseball 24.7 Build 72